 Dungeon Crawl Stone Soup version 0.30-a0-331-g8ab09dc110 (webtiles) character file.

Game seed: 13905842019828253256

101 oldriver the Magician (level 5, -7/38 HPs)
             Began as a Human Hedge Wizard on Oct 29, 2022.
             Killed by nerve-wracking pain
             ... invoked by Grinder
              (12 damage)
             ... on level 3 of the Dungeon.
             The game lasted 00:05:03 (3591 turns).

oldriver the Magician (Human Hedge Wizard)          Turns: 3591, Time: 00:05:04

Health: -7/38      AC:  2    Str: 10    XL:     5   Next: 4%
Magic:  5/11       EV: 12    Int: 17    God:
Gold:   73         SH:  0    Dex: 12    Spells: 6/12 levels left

rFire   . . .      SeeInvis .    a - +0 dagger
rCold   . . .      Faith    .    (no shield)
rNeg    . . .      Spirit   .    b - +0 robe
rPois   .          Reflect  .    c - +0 hat
rElec   .          Harm     .    (no cloak)
rCorr   .          Rampage  .    (no gloves)
Will    .....                    (no boots)
Stlth   ++........               (no amulet)
HPRegen 0.26/turn                (no ring)
MPRegen 0.12/turn                (no ring)

@: mighty, brilliant, weak-willed, attractive
A: talons 1, wild magic 1
a: no special abilities


You were on level 3 of the Dungeon.
You visited 1 branch of the dungeon, and saw 3 of its levels.

You collected 73 gold pieces.

Inventory:

Hand Weapons
 a - a +0 dagger (weapon)
Armour
 b - a +0 robe (worn)
 c - a +0 hat (worn)
Scrolls
 e - a scroll of fear {unknown}
 m - a scroll of teleportation {unknown}
 o - a scroll of enchant weapon {unknown}
 q - a scroll of poison {unknown}
Potions
 d - a potion of magic
 h - a potion of cancellation {unknown}
 i - a potion of experience {unknown}
 j - a potion of brilliance
 l - a potion of attraction
 p - a potion of mutation


   Skills:
 + Level 1.9 Fighting
 - Level 2.0 Dodging
 - Level 2.0 Stealth
 * Level 4.1 Spellcasting
 - Level 1.0 Conjurations
 + Level 2.2 Summonings
 - Level 1.0 Translocations


You had 6 spell levels left.
You knew the following spells:

 Your Spells              Type           Power      Damage    Failure   Level
a - Magic Dart            Conj           52%        1d5       16%         1
b - Call Imp              Summ           21%        N/A       14%         2
c - Blink                 Tloc           26%        N/A       22%         2
d - Slow                  Hex            24%        N/A       22%         1

Your spell library contained the following spells:

 Spells                   Type           Power      Damage    Failure   Level
 Cigotuvi's Dreadful Rot  Necr/Pois/Air  12%        N/A       32%         2
 Mephitic Cloud           Conj/Pois/Air  9%         N/A       47%         3
 Summon Forest            Summ/Tloc      8%         N/A       95%         5
 Summon Mana Viper        Hex/Summ       14%        N/A       97%         5
 Summon Cactus Giant      Summ           10%        N/A       100%        6


Dungeon Overview and Level Annotations

Branches:
Dungeon (3/15)

Altars:

Annotations:
D:3 Grinder


Innate Abilities, Weirdness & Mutations

You have sharp toenails.
Your spells are a little harder to cast, but a little more powerful.


Message History

Your crimson imp hits Grinder.
It was a potion of brilliance.
You feel clever all of a sudden.
The orc wizard hits you but does no damage.
Grinder barely misses you.
Your crimson imp hits Grinder but does no damage.
Okay, then.
It was a potion of curing.
You feel better.
The orc wizard hits you with a +0 dagger.
Grinder gestures at you.
You suddenly lose the ability to move!
Your crimson imp barely misses Grinder.
The orc wizard hits you but does no damage.
Grinder hits you.
You writhe in agony.
* * * LOW HITPOINT WARNING * * *
Your crimson imp misses Grinder.
The orc wizard hits you with a +0 dagger.
* * * LOW HITPOINT WARNING * * *
Grinder gestures at you. Pain shoots through your body!
* * * LOW HITPOINT WARNING * * *
Your crimson imp misses Grinder.
You can move again.
You feel better. The orc wizard barely misses you. Grinder misses you.
Your crimson imp completely misses Grinder.
You feel better.
The orc wizard hits you with a +0 dagger.
Grinder barely misses you.
Your crimson imp blinks!
It was a potion of attraction.
You feel attractive to monsters. The orc wizard closely misses you.
Grinder hits you.
You writhe in agony.
* * * LOW HITPOINT WARNING * * *
Unknown command.
It was a potion of mutation.
You feel extremely strange.
Your toenails lengthen and sharpen.
You feel less in control of your magic.
The orc wizard hits you with a +0 dagger.
* * * LOW HITPOINT WARNING * * *
Grinder gestures at you. Pain shoots through your body!
You die...

#.#..#.#.# #.#..#.#.#
#....#####+## #.#.##.#.#
#....#....... #.#....#.#
#..5.#....... #.######.#
#....#§...... ##.#......#
#....#....... ...#.######
#....#.......
####)########....#.......
#.............5@o.#
#.#.##....#######.#
#.#..'....# §#
#.####....# .# #.# #....#
.# #.####....# .#
#.......### .#
###.......# +#
..'.......#


You could see Grinder (weak-willed, ally target), an orc wizard (weak-willed)
and a friendly crimson imp (summoned, weak-willed).

Vanquished Creatures
  2 adders (D:2)
  2 orcs (D:3)
  13 ball pythons
  4 endoplasms
  A giant cockroach (D:1)
  A goblin (D:1)
  6 hobgoblins (D:1)
  4 kobolds
  3 bats
  7 rats
43 creatures vanquished.

Vanquished Creatures (collateral kills)
  3 adders (D:2)
  A worm (D:2)
  2 ball pythons (D:2)
  An endoplasm (D:2)
7 creatures vanquished.

Vanquished Creatures (others)
  3 fungi (D:2)
  A plant (D:2)
4 creatures vanquished.

Grand Total: 54 creatures vanquished

Notes
Turn   | Place    | Note
-------+----------+-------------------------------------------
     0 | D:1      | oldriver the Human Hedge Wizard began the quest for the
                  | Orb.
     0 | D:1      | Reached XP level 1. HP: 13/13 MP: 4/4
   196 | D:1      | Reached XP level 2. HP: 20/20 MP: 0/6
   660 | D:1      | Reached skill level 1 in Fighting
   660 | D:1      | Reached XP level 3. HP: 22/26 MP: 0/7
   724 | D:1      | Learned a level 2 spell: Call Imp
   727 | D:1      | Learned a level 2 spell: Blink
   729 | D:1      | Learned a level 1 spell: Slow
  1614 | D:2      | Reached XP level 4. HP: 32/32 MP: 5/9
  2516 | D:2      | Found a faded altar of an unknown god.
  2817 | D:2      | Reached skill level 4 in Spellcasting
  3144 | D:2      | Reached XP level 5. HP: 38/38 MP: 5/11
  3422 | D:3      | Noticed Grinder
  3585 | D:3      | Paralysed by Grinder for 3 turns
  3587 | D:3      | HP: 1/38 [Grinder/nerve-wracking pain (5)]
  3591 | D:3      | Gained mutation: You have sharp toenails. [potion of
                  | mutation]
  3591 | D:3      | Gained mutation: Your spells are a little harder to cast,
                  | but a little more powerful. [potion of mutation]
  3591 | D:3      | Killed from afar by Grinder

Illustrated notes

Levels and vault maps discovered:
D:1:      evilmike_arrival_crescent, layout_loops_ring
D:2:      layout_loops_ring, dreamdust_ecumenical_altar_hidden_monk_grotto,
          serial_bayou_pond_e, grunt_decor_mini_mirrors, minmay_snake_closets
D:3:      layout_basic, mainiacjoe_overflow_alcove_4, serial_shops, shop,
          minivault_23, uniq_grinder, uniq_ijyb, uniq_robin

Skill      XL: |  1  2  3  4 |
---------------+-------------+-----
Fighting       | 1 |  1.9
Summonings     | 2 |  2.2
Spellcasting   | 4 |  4.1
Dodging        | |  2.0
Stealth        | |  2.0
Conjurations   | |  1.0
Translocations | |  1.0

Action                   |  1- 3 |  4- 6 || total
-------------------------+-------+-------++-------
Melee: Dagger            |    25 |     2 ||    27
 Cast: Magic Dart        |    63 |    66 ||   129
       Call Imp          |    10 |    21 ||    31
       Blink             |       |     1 ||     1
       Slow              |       |     2 ||     2
  Use: Potion            |       |     7 ||     7
       Scroll            |       |     2 ||     2
 Stab: Distracted        |       |     1 ||     1
Armor: Robe              |    10 |     7 ||    17
Dodge: Dodged            |    31 |    29 ||    60

Table legend: (Time is in decaauts)
 A = Elapsed time spent in this place.
 B = Non-inter-level travel time spent in this place.
 C = Inter-level travel time spent in this place.
 D = Time resting spent in this place.
 E = Time spent auto-exploring this place.
 F = Levels seen in this place.
 G = Mean time per level.
                   A        B        C        D        E       F      G
               +--------+--------+--------+--------+--------+-----+--------+
         Total |   3592 |   3525 |     67 |    639 |   2336 |   3 | 1197.3 |
       Dungeon |   3592 |   3525 |     67 |    639 |   2336 |   3 | 1197.3 |
               +--------+--------+--------+--------+--------+-----+--------+

Top non-repeatable levels by time:
     D:2: 1948 daAuts
     D:1: 1281 daAuts
     D:3: 361 daAuts
